 Dungeon Crawl Stone Soup version 0.26-a0-720-g2a1d101370 (webtiles) character file.

Game seed: 11331777375819358273

2317 GordonOverkill the Cleaver (level 9, -2/79 HPs)
             Began as a Palentonga Chaos Knight on Nov 2, 2020.
             Was a Follower of Lugonu.
             Slain by a small abomination (14 damage)
             ... on level 2 of the Abyss.
             The game lasted 00:12:08 (7892 turns).

GordonOverkill the Cleaver (PaCK)                   Turns: 7892, Time: 00:12:08

Health: -2/79      AC: 17    Str: 18    XL:     9   Next: 18%
Magic:  8/8        EV:  3    Int: 12    God:    Lugonu [*.....]
Gold:   608        SH:  0    Dex:  5    Spells: 8/8 levels left

rFire    . . .     SeeInvis +   j - +7 battleaxe (freeze)
rCold    . . .     Faith    .   (shield currently unavailable)
rNeg     . . .     Spirit   .   a - +0 plate armour
rPois    +         Reflect  .   (helmet restricted)
rElec    .         Harm     .   (no cloak)
rCorr    .         Rampage  .   c - +0 pair of gloves
MR       +....     Clarity  +   (no barding)
Stlth    ..........             (no amulet)
HPRegen  0.23/turn              p - ring of poison resistance
MPRegen  0.11/turn              (no ring)

@: no status effects
A: large, antennae 1, hooves 1, stinger 1, rugged brown scales 3, see invisible,
blink, clarity, clumsy 2, deformed body, dopey 1, low mp 1, magic resistance 1,
subdued magic 1, roll, armoured tail, reflexive curl
a: Rolling Charge, Blink, Depart the Abyss, Renounce Religion


You were on level 2 of the Abyss.
You worshipped Lugonu.
Lugonu was aware of your devotion.
You visited 1 branch of the dungeon, and saw 7 of its levels.
You visited the Abyss 1 time.
You also visited: Sewer.

You collected 608 gold pieces.

Inventory:

Hand Weapons
 d - a +0 whip of flaming
 j - a +7 battleaxe of freezing (weapon)
Armour
 a - a +0 plate armour (worn)
 c - a +0 pair of gloves (worn)
 n - a +1 cloak
Jewellery
 p - a ring of poison resistance (left hand)
 s - an uncursed ring of protection from fire {unknown}
Wands
 g - a wand of disintegration (16)
 x - a wand of flame (11)
Scrolls
 i - a scroll of random uselessness {unknown}
 k - 3 scrolls of identify
 l - a scroll of fog
 m - 4 scrolls of remove curse
 q - a scroll of teleportation
 r - a scroll of fear
Potions
 e - a potion of ambrosia
 f - a potion of brilliance
 h - 2 potions of curing
 o - 2 potions of resistance
 u - 3 potions of invisibility


   Skills:
 - Level 5.0 Fighting
 + Level 10.9 Axes
 - Level 3.0 Armour
 - Level 3.0 Dodging


You had 8 spell levels left.
You didn't know any spells.
Your spell library was empty.

Dungeon Overview and Level Annotations

Branches:
Dungeon (7/15)             Temple (0/1) D:6           Sewer (visited)

Altars:
Ashenzari
Elyvilon
Kikubaaqudgha
Qazlal
Ru
Sif Muna
Wu Jian
Xom
The Shining One


Innate Abilities, Weirdness & Mutations

You are completely covered in rugged brown scales. (AC +3, +7% HP)
You have supernaturally acute eyesight. (SInv)
Armour fits poorly on your strangely shaped body.
You can roll at foes to attack.
You have a long armoured tail.
You curl defensively after being hit.
You have a pair of small antennae on your head.
You have large cloven feet.
Your tail ends in a poisonous barb.
You can translocate small distances at will.
You possess an exceptional clarity of mind.
You are very clumsy. (Dex -4)
You are dopey. (Int -2)
Your magical capacity is low. (-10% MP)
You are resistant to hostile enchantments. (MR+)
Your spells are a little easier to cast, but a little less powerful.


Message History

You barely miss the small abomination.
You kick the small abomination, but do no damage.
The small abomination hits you!
You hit the small abomination but do no damage.
The small abomination hits you!
You slice the small abomination!! You freeze the small abomination.
You destroy the small abomination!
You slash the small abomination! You freeze the small abomination.
The small abomination is heavily damaged.
The small abomination hits you!
* * * LOW HITPOINT WARNING * * *
You closely miss the small abomination. Your kick misses the small abomination.
You tail-slap the small abomination, but do no damage.
The small abomination is heavily damaged.
The small abomination hits you!
* * * LOW HITPOINT WARNING * * *
You closely miss the small abomination. You kick the small abomination.
The small abomination is heavily damaged.
The small abomination hits you!
You die...

## # ...#
.#. #. #..
..? #.. ##
.... #.#.
.?.# ..8
###.##....#
##..#.#.@.#
#......#x#.#
..#....##..
.. ##.#
##....... #.
#..####.###
#.. x. ..
#.# ## . ##


You could see a small abomination.

Vanquished Creatures
  A wraith (Abyss:2)
  A neqoxec (Abyss:2)
  A small abomination (Abyss:2)
  A phantom (D:7)
  3 ogres
  3 orc warriors (D:6)
  A centaur (D:5)
  A bullfrog (D:4)
  A howler monkey (D:4)
  5 wights (D:6)
  A bullfrog zombie (D:7)
  4 hounds
  5 orc wizards
  2 orc priests (D:7)
  2 iguanas
  3 worker ants
  A hound skeleton (D:4)
  6 gnolls
  7 adders
  A shadow imp (D:6)
  2 ufetubi (D:6)
  7 oozes
  An adder skeleton (D:6)
  7 worms
  2 dart slugs
  11 leopard geckos
  13 orcs
  6 ball pythons
  7 giant cockroaches
  3 goblins
  8 hobgoblins
  14 jackals
  7 kobolds
  4 quokkas
  10 bats
  10 frilled lizards
  A quokka zombie (D:5)
  4 rats
  A bush (D:5)
168 creatures vanquished.

Vanquished Creatures (collateral kills)
  An ice beast (D:5)
  A centaur zombie (D:5)
2 creatures vanquished.

Grand Total: 170 creatures vanquished

Notes
Turn   | Place    | Note
-------+----------+-------------------------------------------
     0 | D:1      | GordonOverkill the Palentonga Chaos Knight began the quest
                  | for the Orb.
     0 | D:1      | Reached XP level 1. HP: 20/20 MP: 1/1
   126 | D:1      | Reached skill level 1 in Dodging
   128 | D:1      | Reached XP level 2. HP: 26/27 MP: 2/2
   302 | D:1      | XOM: silly message
   406 | D:1      | XOM: butterfly on damage
   408 | D:1      | Reached XP level 3. HP: 19/33 MP: 3/3
   911 | D:2      | XOM: divination: magic mapping
   915 | D:2      | XOM: give mutations
   915 | D:2      | Gained mutation: You are frail. (-10% HP) [Xom's mischief]
   915 | D:2      | Gained mutation: You can translocate small distances at
                  | will. [Xom's mischief]
   915 | D:2      | Lost mutation: You are frail. (-10% HP) [Xom's mischief]
   915 | D:2      | Gained mutation: You are clumsy. (Dex -2) [Xom's mischief]
  1154 | D:2      | Found a broken altar of Ashenzari.
  1154 | D:2      | Found an ancient bone altar of Kikubaaqudgha.
  1270 | D:2      | Found a white marble altar of Elyvilon.
  1272 | D:2      | Found a shimmering blue altar of Sif Muna.
  1425 | D:2      | XOM: give mutations
  1425 | D:2      | Gained mutation: You are weak. (Str -2) [Xom's mischief]
  1425 | D:2      | Lost mutation: You are clumsy. (Dex -2) [Xom's mischief]
  1425 | D:2      | Gained mutation: You are frail. (-10% HP) [Xom's mischief]
  1458 | D:2      | XOM: summons 2 hostile demons
  1708 | D:2      | XOM: summons 2 hostile demons
  1797 | D:2      | XOM: god gift: 5 atropa-tipped darts
  1807 | D:2      | XOM: give mutations
  1807 | D:2      | Gained mutation: You have a pair of small antennae on your
                  | head. [Xom's grace]
  1807 | D:2      | Gained mutation: You are agile. (Dex +2) [Xom's grace]
  2100 | D:3      | Found a shimmering altar of Xom.
  2211 | D:3      | Reached XP level 4. HP: 33/37 MP: 4/4
  3225 | D:4      | XOM: scenery: create altars
  3236 | D:4      | XOM: god gift: 60 gold pieces
  3280 | D:4      | Reached XP level 5. HP: 36/44 MP: 5/5
  3343 | D:4      | XOM: scenery: create altars
  3452 | D:4      | Reached skill level 4 in Axes
  3552 | D:4      | Found a sacrificial altar of Ru.
  3553 | D:4      | Found a glowing golden altar of the Shining One.
  3554 | D:4      | Found an ornate altar of the Wu Jian Council.
  3554 | D:4      | Found a stormy altar of Qazlal.
  3559 | D:4      | Noticed an ogre
  3576 | D:4      | Killed an ogre
  3576 | D:4      | Reached XP level 6. HP: 29/51 MP: 6/6
  3719 | D:4      | XOM: scenery: create altars
  3958 | D:4      | XOM: polymorph orc wizard -> iguana
  4150 | D:5      | Entered Level 5 of the Dungeon
  4150 | D:5      | Found a glowing drain.
  4163 | Sewer    | Entered a sewer
  4654 | Sewer    | XOM: scenery: 3 doors close
  4757 | Sewer    | XOM: cloud trail
  5021 | D:5      | Found a broken altar of Ashenzari.
  5022 | D:5      | Noticed an ice beast
  5023 | D:5      | XOM: scenery: summon butterflies
  5033 | D:5      | XOM: summons 2 friendly demons
  5038 | D:5      | Gained mutation: You curl defensively after being hit.
                  | [Palentonga growth]
  5038 | D:5      | Reached XP level 7. HP: 23/58 MP: 7/7
  5038 | D:5      | Reached skill level 5 in Fighting
  5038 | D:5      | Reached skill level 5 in Axes
  5658 | D:6      | Reached skill level 6 in Axes
  5680 | D:6      | XOM: butterfly on damage
  5758 | D:6      | XOM: give mutations
  5758 | D:6      | Gained mutation: You have sharp fingernails. [Xom's grace]
  5758 | D:6      | Gained mutation: You have large cloven feet. [Xom's grace]
  5862 | D:6      | XOM: scenery: create altars
  6036 | D:6      | XOM: summons 5 friendly demons
  6053 | D:6      | Reached skill level 7 in Axes
  6058 | D:6      | Reached XP level 8. HP: 30/65 MP: 8/8
  6163 | D:6      | XOM: polymorph hound -> ooze
  6489 | D:6      | XOM: 2-stop teleportation journey
  6556 | D:6      | Reached skill level 8 in Axes
  6558 | D:6      | XOM: noise
  6562 | D:6      | XOM: god gift: scroll of blinking
  6832 | D:6      | XOM: 5-stop teleportation journey
  6995 | D:6      | Found a staircase to the Ecumenical Temple.
  7001 | D:6      | Reached skill level 9 in Axes
  7125 | D:6      | XOM: stat loss: -1 Int (12/14)
  7127 | D:6      | Lost mutation: You are agile. (Dex +2) [potion of mutation]
  7127 | D:6      | Lost mutation: You are weak. (Str -2) [potion of mutation]
  7127 | D:6      | Gained mutation: You are clumsy. (Dex -2) [potion of
                  | mutation]
  7127 | D:6      | Gained mutation: Your spells are a little harder to cast,
                  | but a little more powerful. [potion of mutation]
  7127 | D:6      | Gained mutation: Your tail ends in a poisonous barb.
                  | [potion of mutation]
  7182 | D:6      | Lost mutation: You are frail. (-10% HP) [potion of
                  | mutation]
  7182 | D:6      | Lost mutation: Your spells are a little harder to cast, but
                  | a little more powerful. [potion of mutation]
  7182 | D:6      | Gained mutation: You are very clumsy. (Dex -4) [potion of
                  | mutation]
  7182 | D:6      | Lost mutation: You have sharp fingernails. [potion of
                  | mutation]
  7182 | D:6      | Gained mutation: You possess an exceptional clarity of
                  | mind. [potion of mutation]
  7235 | D:7      | XOM: silly message
  7284 | D:7      | XOM: divination: magic mapping
  7338 | D:7      | XOM: divination: detect creatures
  7360 | D:7      | Reached skill level 10 in Axes
  7590 | D:7      | XOM: silly message
  7595 | D:7      | Cast into level 2 of the Abyss (gnoll sergeant)
  7611 | Abyss:2  | Reached XP level 9. HP: 51/79 MP: 9/9
  7615 | Abyss:2  | Found a corrupted altar of Lugonu.
  7625 | Abyss:2  | Fell from the grace of Xom
  7625 | Abyss:2  | Became a worshipper of Lugonu the Unformed
  7625 | Abyss:2  | Reached * piety under Lugonu
  7642 | Abyss:2  | Gained mutation: You are dopey. (Int -2) [a neqoxec]
  7647 | Abyss:2  | Gained mutation: Your spells are a little easier to cast,
                  | but a little less powerful. [a neqoxec]
  7652 | Abyss:2  | Gained mutation: You are resistant to hostile enchantments.
                  | (MR+) [a neqoxec]
  7654 | Abyss:2  | Gained mutation: Your magical capacity is low. (-10% MP) [a
                  | neqoxec]
  7665 | Abyss:2  | Noticed a rakshasa
  7679 | Abyss:2  | Noticed a wretched star
  7892 | Abyss:2  | Slain by a small abomination

Illustrated notes

Levels and vault maps discovered:
D:1:      saegor_arrival_simple_b, layout_basic,
          hangedman_abyss_or_decor_lesser_grid
D:2:      layout_loops_ring, nicolae_overflow_hidden_temple
D:3:      minmay_wonky_spiral, layout_basic, lemuel_crystal_altar
D:4:      layout_loops_ring, chequers_temple_overflow_statue_of_worship
D:5:      layout_rooms, cheibrodos_sewer_entry_drain, kb_lookout_dungeons_type,
          cheibrodos_ashenzari_chains
D:6:      layout_loops_ring, minmay_temple_entry_glass
D:7:      layout_cave_pools, serial_gnoll_camp, gnoll_camp_mini_house,
          gnoll_camp_medium_01, gnoll_camp_medium_02, gnoll_camp_mini_doghouse,
          gnoll_camp_mini_house, gnoll_camp_mini_doghouse, grunt_livestock,
          lemuel_altar_in_water
Abyss:2:  base: Temple, hangedman_eye_storm, small_statue_intersection

Skill      XL: |  1  2  3  4  5  6  7  8 |
---------------+-------------------------+-----
Dodging        | 1 2 3 |  3.0
Armour         | 2 3 |  3.0
Fighting       | 4 5 |  5.0
Axes           | 4 7 10 | 10.9

Action                   |  1- 3 |  4- 6 |  7- 9 || total
-------------------------+-------+-------+-------++-------
Melee: Hand axe          |    72 |       |       ||    72
       Tailslap          |    13 |    17 |    15 ||    45
       Whip              |    60 |     5 |       ||    65
       Battleaxe         |       |   150 |   176 ||   326
       Kick              |       |       |    24 ||    24
Throw: Dart              |       |       |     6 ||     6
 Abil: Rolling Charge    |    19 |    16 |    15 ||    50
Evoke: Wand              |       |       |     1 ||     1
  Use: Scroll            |     4 |     6 |     4 ||    14
       Potion            |       |     1 |     8 ||     9
Armor: Leather armour    |    24 |       |       ||    24
       Chain mail        |    55 |   100 |    27 ||   182
       Plate armour      |       |       |    96 ||    96
Dodge: Dodged            |    39 |    39 |    35 ||   113
Block: Other             |       |    30 |     4 ||    34
       Reflection        |       |       |     4 ||     4

Table legend: (Time is in decaauts)
 A = Elapsed time spent in this place.
 B = Non-inter-level travel time spent in this place.
 C = Inter-level travel time spent in this place.
 D = Time resting spent in this place.
 E = Time spent auto-exploring this place.
 F = Levels seen in this place.
 G = Mean time per level.
                   A        B        C        D        E       F      G
               +--------+--------+--------+--------+--------+-----+--------+
         Total |   8169 |   7947 |    222 |   2455 |   4025 |   9 |  907.7 |
       Dungeon |   7092 |   6870 |    222 |   2169 |   3559 |   7 | 1013.1 |
         Abyss |    300 |    300 |      0 |    194 |      0 |   1 |  300.0 |
         Sewer |    776 |    776 |      0 |     92 |    465 |   1 |  776.0 |
               +--------+--------+--------+--------+--------+-----+--------+

Top non-repeatable levels by time:
     D:6: 1544 daAuts
     D:2: 1242 daAuts
     D:4: 1169 daAuts
     D:3: 1050 daAuts
     D:5: 923 daAuts
   Sewer: 776 daAuts
     D:1: 753 daAuts
     D:7: 409 daAuts
 Abyss:2: 300 daAuts
